 Dungeon Crawl Stone Soup version 0.14-a0-2124-ga163777 (webtiles) character file.

2543 Mitsuki the Basher (level 9, -9/46 HPs)
             Began as a Gargoyle Fighter on Jan 27, 2014.
             Was a Follower of Ashenzari.
             Mangled by an orc warrior
             ... wielding a -1,+1 orcish war axe
              (21 damage)
             ... on Level 7 of the Dungeon.
             The game lasted 00:26:11 (6130 turns).

Mitsuki the Basher (Gargoyle Fighter)               Turns: 6130, Time: 00:26:11

HP  -9/46        AC 14     Str 23      XL: 9   Next: 40%
MP  17/17        EV  8     Int  6      God: Ashenzari [*.....]
Gold 250         SH 23     Dex 10      Spells:  0 memorised,  8 levels left

rFire  . . .     SeeInvis .     a - +0,+1 mace
rCold  . . .     Clarity  .     b - +0 scale mail
rNeg   + . .     Conserve .     c - +1 shield (curse)
rPois  +         rCorr    .     (no helmet)
rElec  +         rRot     +     g - +0 cloak
SustAb . .       Spirit   .     (no gloves)
rMut   .         Warding  .     (no boots)
Saprov . . .     Stasis   .     (no amulet)
MR     .....                    s - cursed ring of magical power
                                p - cursed ring of flight

@: not resistant to hostile enchantments, extremely unstealthy
A: blurry vision 1, dopey 1, frail 1, low mp 1, life protection 1, screaming 1,
electricity resistance, unbreathing, petrification resistance, AC +5
a: Renounce Religion, Evoke Flight


You were on level 7 of the Dungeon.
You worshipped Ashenzari.
Ashenzari was aware of your devotion.
You were not hungry.

You visited 1 branch of the dungeon, and saw 7 of its levels.
You also visited: Sewer.

You collected 250 gold pieces.

Inventory:

Hand weapons
 a - a +0,+1 mace (weapon)
 j - the +8,+5 quarterstaff "Wayrioce" {holy, Str-3 Stlth++}
   (You acquired it on level 7 of the Dungeon)

   It has been blessed by the Shining One to cause great damage to the undead
   and demons.
   It affects your strength (-3).
   It makes you much more stealthy.
Armour
 b - a +0 scale mail (worn)
 c - a cursed +1 shield (worn)
 g - a +0 cloak (worn)
Magical devices
 q - a wand of fire (4)
Comestibles
 d - 4 bread rations
 m - 2 apples
 o - a snozzcumber
 u - 12 grapes
 G - a pear
 M - a meat ration
Scrolls
 f - a scroll of enchant weapon I {unknown}
 h - 4 scrolls of teleportation
 i - 9 scrolls of identify
 k - 2 scrolls of fog
 n - a scroll of curse jewellery
 v - a scroll of curse armour
 x - 3 scrolls of remove curse
 y - a scroll of amnesia
 A - 3 scrolls of enchant weapon II
Jewellery
 e - an uncursed ring of fire
 p - a cursed ring of flight (left hand)
 s - a cursed ring of magical power (right hand)
Potions
 l - a potion of agility
 r - 2 potions of cure mutation {unknown}
 t - a potion of paralysis {unknown}
 D - 3 potions of curing
Books
 E - a book of the Earth

   Spells                             Type                      Level
   Dig                                Earth                        4
   Leda's Liquefaction                Hexes/Earth                  4
   Bolt of Magma                      Conjuration/Fire/Earth       5
   Statue Form                        Transmutation/Earth          6
   Iron Shot                          Conjuration/Earth            6
   Shatter                            Earth                        9
Magical staves
 C - an uncursed staff of conjuration


   Skills:
 - Level 3.7 Fighting
 * Level 9.5 Maces & Flails
 - Level 7.0 Armour
 + Level 8.1 Shields


You had 8 spell levels left.
You didn't know any spells.

Dungeon Overview and Level Annotations

Branches:
Dungeon (7/16)             Temple (0/1) D:5

Altars:
Ashenzari
Fedhas
Yredelemnul

Shops:
D:7 /


Innate Abilities, Weirdness & Mutations

You are resistant to torment.
You are immune to poison.
Your stone body is very resilient (AC +5).
You resist negative energy.
You are resistant to electric shocks.
You can survive without breathing.
You are immune to petrification.
Your vision is a little blurry.
You are dopey. (Int -2)
You are frail (-10% HP).
Your magical capacity is low (-10% MP).
You occasionally shout uncontrollably.


Message History

The orc warrior is severely wounded.
You block the orc warrior's attack.
You completely miss the orc warrior.
The orc warrior is severely wounded.
The orc warrior barely misses you.
You hit the orc warrior.
The orc warrior is almost dead.
You hit the orc warrior.
The orc warrior is almost dead.
The orc warrior hits you with an orcish war axe.
* * * LOW HITPOINT WARNING * * *
You are too injured to fight recklessly!
You are too injured to fight recklessly!
You are too injured to fight recklessly!
You are too injured to fight recklessly!
You are too injured to fight recklessly!
You hit the orc warrior but do no damage.
The orc warrior is almost dead.
The orc warrior hits you with an orcish war axe!
You die...

,,,**,,,,,*
#.........#....... ,,**
,,,,,*****#.........#.......
,,,,,,,,,,,,
,...........+.......
,,,**,,,***
*,,..........####.... ,
,**,,, *,**.........# #....
,,,**,, * *,*,,.o......#
##### ,,, * ,,*
*,,,{*'####### ,,*******
#######o#############
,,*****
#....@oo.........(..##
,,,,,,*
#.######............'.
,,,,,,
#...####............#. ,,,,,
*** #...#...............#.
,,,,,,, *
#...#...............#. ,,,,
,,,* #...#....##.........#.
,,,, , *
#...#....##.........#. ,,
,,,,* #...#....##...........
, ,,,,,,*
#...#.........##.#'##.


You could see an orc warrior and 2 orcs.

Vanquished Creatures
  Grinder (D:3)
  The ghost of Sscchhmueptfter the Magician, an average HEWz (D:3)
  A hungry ghost (D:7)
  3 ogres
  An ice beast (D:4)
  An orc warrior (D:7)
  2 sky beasts (D:6)
  A crocodile (D:7)
  3 giant frogs
  A troll skeleton (D:7)
  A crimson imp (D:6)
  5 hounds
  A goliath beetle (D:6)
  An orc wizard (D:6)
  A centaur skeleton (D:6)
  An orc priest (D:7)
  2 iguanas
  2 scorpions (D:4)
  2 worker ants
  Terence (D:3)
  4 gnolls
  15 adders
  A green rat (D:4)
  An orc skeleton (D:4)
  5 giant mites (Sewer)
  3 worms
  4 giant geckos
  3 oozes
  7 orcs
  14 bats
  A bat skeleton (D:6)
  13 goblins
  13 hobgoblins
  10 jackals
  10 quokkas
  4 ball pythons
  10 giant cockroaches
  8 giant newts
  A hobgoblin skeleton (D:6)
  9 kobolds
  14 rats
182 creatures vanquished.

Notes
Turn   | Place    | Note
--------------------------------------------------------------
     0 | D:1      | Mitsuki, the Gargoyle Fighter, began the quest for the Orb.
     0 | D:1      | Reached XP level 1. HP: 14/14 MP: 1/1
   113 | D:1      | Reached XP level 2. HP: 17/19 MP: 2/2
   327 | D:1      | Reached XP level 3. HP: 13/23 MP: 3/3
   904 | D:2      | Reached XP level 4. HP: 25/29 MP: 4/4
   913 | D:2      | Reached skill level 4 in Armour
  1414 | D:3      | Noticed Terence
  1419 | D:3      | Noticed Grinder
  1423 | D:3      | Killed Terence
  1423 | D:3      | Reached XP level 5. HP: 33/33 MP: 5/5
  1447 | D:3      | Killed Grinder
  1447 | D:3      | Reached skill level 5 in Maces & Flails
  1447 | D:3      | Reached skill level 5 in Shields
  1447 | D:3      | Reached XP level 6. HP: 12/38 MP: 6/6
  2010 | D:3      | Noticed Sscchhmueptfter's ghost (average HEWz)
  2056 | D:3      | Killed Sscchhmueptfter's ghost
  2056 | D:3      | Reached skill level 5 in Armour
  2056 | D:3      | Reached XP level 7. HP: 14/42 MP: 7/7
  2471 | D:4      | Found a glowing drain.
  2475 | Sewer    | Entered a sewer
  2766 | Sewer    | Reached skill level 6 in Maces & Flails
  3047 | D:4      | Found a shattered altar of Ashenzari.
  3073 | D:4      | Became a worshipper of Ashenzari the Shackled
  3320 | D:4      | Reached XP level 8. HP: 19/48 MP: 8/8
  3524 | D:4      | Found a basalt altar of Yredelemnul.
  3686 | D:5      | Entered Level 5 of the Dungeon
  3727 | D:5      | Found a blossoming altar of Fedhas.
  3767 | D:5      | Reached skill level 7 in Maces & Flails
  3891 | D:5      | Found a staircase to the Ecumenical Temple.
  4634 | D:6      | Reached skill level 8 in Maces & Flails
  4717 | D:6      | Reached XP level 9. HP: 52/52 MP: 9/9
  4734 | D:6      | Gained mutation: Your magical capacity is low (-10% MP). [mutagenic meat]
  4735 | D:6      | Gained mutation: You are dopey. (Int -2) [mutagenic meat]
  4737 | D:6      | Gained mutation: You occasionally shout uncontrollably. [potion of mutation]
  4737 | D:6      | Gained mutation: You are frail (-10% HP). [potion of mutation]
  4737 | D:6      | Gained mutation: Your vision is a little blurry. [potion of mutation]
  5322 | D:7      | Reached skill level 9 in Maces & Flails
  5936 | D:7      | Identified a scroll of acquirement
  5937 | D:7      | Got the quarterstaff "Wayrioce" {holy, Str-3 Stlth++}
  6080 | D:7      | Found Boxzig's Magical Wand Emporium.
  6130 | D:7      | Mangled by an orc warrior

Action                   |  1- 3 |  4- 6 |  7- 9 || total
-------------------------+-------+-------+-------++-------
Melee: Mace              |   114 |   220 |   555 ||   889
Evoke: Wand              |       |       |     3 ||     3
  Use: Scroll            |       |       |    16 ||    16
       Potion            |       |       |    14 ||    14
